 Dungeon Crawl Stone Soup version 0.23-a0-395-gcf17ac6 (webtiles) character file.

17 Cryolive the Digger (level 2, 0/16 HPs)
             Began as a Gargoyle Earth Elementalist on Nov 1, 2018.
             Slain by an adder (3 damage)
             ... on level 2 of the Dungeon.
             The game lasted 00:01:25 (1275 turns).

Cryolive the Digger (Gargoyle Earth Elementalist)   Turns: 1275, Time: 00:01:27

Health: 0/16       AC:  4    Str: 11    XL:     2   Next: 62%
Magic:  1/5        EV: 12    Int: 15    God:
Gold:   72         SH:  0    Dex: 10    Spells: 4/5 levels left

rFire    . . .     SeeInvis .   a - +0 club
rCold    . . .     Gourm    .   (no shield)
rNeg     + . .     Faith    .   c - +0 robe
rPois    ∞         Spirit   .   (no helmet)
rElec    +         Reflect  .   (no cloak)
rCorr    .         Harm     .   (no gloves)
MR       .....                  (no boots)
Stlth    ++........             (no amulet)
HPRegen  0.05/turn              (no ring)
MPRegen  0.09/turn              (no ring)

@: no status effects
A: negative energy resistance 1, electricity resistance, unbreathing,
petrification resistance, rot immunity, AC +2
a: no special abilities


You were on level 2 of the Dungeon.
You were not hungry.

You visited 1 branch of the dungeon, and saw 2 of its levels.

You collected 72 gold pieces.

Inventory:

Hand Weapons
 a - a +0 club (weapon)
Missiles
 b - 95 stones (quivered)
Armour
 c - a +0 robe (worn)
Scrolls
 f - 4 scrolls of teleportation {unknown}
 j - a scroll of random uselessness {unknown}
 k - a scroll of fog {unknown}
 l - 3 scrolls of remove curse {unknown}
Potions
 e - a potion of might {unknown}
 g - a potion of haste {unknown}
 h - a potion of ambrosia {unknown}
 i - 2 potions of flight {unknown}
Comestibles
 d - 2 rations


   Skills:
 + Level 0.8 Fighting
 + Level 0.8 Armour
 + Level 1.8 Dodging
 - Level 2.1 Stealth
 + Level 2.2 Spellcasting
   Level 0.7 Transmutations
 + Level 3.9 Earth Magic


You had 4 spell levels left.
You knew the following spells:

 Your Spells              Type           Power        Failure   Level  Hunger
a - Sandblast             Erth           ##....       4%          1    #......

Your spell library contained the following spells:

 Spells                   Type           Power        Failure   Level  Hunger
 Passwall                 Tmut/Erth      #.......     13%         2    ###....
 Stone Arrow              Conj/Erth      #.....       28%         3    ###....
 Petrify                  Tmut/Erth      #.......     63%         4    #####..
 Lee's Rapid Deconstruct  Erth           ##........   77%         5    ######.


Dungeon Overview and Level Annotations

Branches:
Dungeon (2/15)

Altars:


Innate Abilities, Weirdness & Mutations

You are resistant to torment.
Your stone body is resilient. (AC +2)
You are immune to poison.
You resist negative energy. (rN+)
You are resistant to electric shocks. (rElec)
You can survive without breathing.
You are immune to petrification.
You are immune to rotting.


Message History

Aim: an adder (heavily wounded)
The blast of sand hits the adder.
The adder is almost dead.
b - 96 stones The adder bites you.
* * * LOW HITPOINT WARNING * * *
The kobold hits you but does no damage. The adder bites you but does no damage.
The kobold closely misses you.
Casting: Sandblast (safe; 4% risk of failure)
Confirm with . or Enter, or press ? or * to list all spells.
Aiming: Sandblast (safe; 4% risk of failure)
Press: ? - help, Shift-Dir - straight line, f/p - adder
Aim: an adder (almost dead)
The blast of sand misses the adder.
The blast of sand hits the goblin.
You kill the goblin!
b - 95 stones The kobold hits you with a +0 dagger.
* * * LOW HITPOINT WARNING * * *
The adder bites you.
You die...

#.....+..#....#.
#.....##.#.####.
#.....##.#.#....
#.....##.#.#.###
#.#......#..<... #.#..#
###..####
#.#..#####......
###..÷....####.###
#@....#.#........#
#.....KSK...#.#..###...#
#......)....#.#..# ##..#
#.(.........+.#..# ...
#...........###..# #.#
#...........# #..# .#
#....$......# #..# .#
#...........# #..#


You could see an adder and 2 kobolds.

Vanquished Creatures
  2 leopard geckos (D:1)
  3 bats (D:1)
  A goblin (D:2)
  2 hobgoblins
  4 frilled lizards
  A kobold (D:1)
  3 rats (D:1)
16 creatures vanquished.

Notes
Turn   | Place    | Note
-------+----------+-------------------------------------------
     0 | D:1      | Cryolive the Gargoyle Earth Elementalist began the quest
                  | for the Orb.
     0 | D:1      | Reached XP level 1. HP: 10/10 MP: 3/3
   363 | D:1      | Reached XP level 2. HP: 9/16 MP: 3/5
  1275 | D:2      | Slain by an adder

Vault maps used:
D:1:      dpeg_arrival_orchard

Action                   || total
-------------------------++-------
Melee: Unarmed           ||    18
       Club              ||    50
 Cast: Sandblast         ||     7
 Stab: Sleeping          ||     3
  Eat: Chunk             ||     1
Armor: Robe              ||    36
Dodge: Dodged            ||    71

Table legend:
 A = Non-vault XP
 B = Vault XP
 C = Vault XP percentage of total XP
 D = Non-vault monster count
 E = Vault monster count
 F = Vault count percentage of total count
                 A         B        C        D         E       F
            +---------+---------+-------+---------+---------+-------
      Total |      25 |       0 |   0.0 |      16 |       0 |   0.0
            +---------+---------+-------+---------+---------+-------
        D:1 |      19 |       0 |   0.0 |      12 |       0 |   0.0
        D:2 |       6 |       0 |   0.0 |       4 |       0 |   0.0
            +---------+---------+-------+---------+---------+-------
